Map: Base du roi Sejong EC

Players

Worming

  • Race: Zerg Zerg
  • League: Diamond

Furlisht - Winner!

  • Race: Zerg Zerg
  • League: Diamond

VOD

Have the link to the VOD?

Description

Time

  • Played on: July 17, 2016, 6:33 a.m.
  • Length: 4:04
Show
View Real Time Build Order
Export as new Build Order

Worming Zerg 

Build Orders: Hatch First 

Get SALT Encoding   

  12  0:01  Drone  
  13  0:13  Overlord  
  13  0:20  Drone  
  14  0:31  Drone x2  
  16  0:36  Drone  
  17  0:55  Drone  
  17  0:56  Hatchery  
  17  1:03  Drone, Extractor  
  17  1:18  Spawning Pool  
  16  1:19  Drone  
  16  1:21  Drone  
  18  1:32  Extractor  
  17  1:41  Overlord  
  17  2:04  Queen  
  17  2:05  Zergling x6  
  17  2:07  Queen  
  17  2:08  Drone  
  25  2:25  Baneling Nest  
  25  2:29  Drone x4  
  28  2:40  Queen  
  30  2:56  Zergling x2  
  30  2:57  Zergling x6  
  34  3:09  Baneling x5, Overlord  
  34  3:22  Zergling x4  
  33  3:47  Zergling x8  
Show
View Real Time Build Order
Export as new Build Order

Furlisht Zerg - Winner!

Build Orders: Hatch First 

Get SALT Encoding   

  12  0:01  Drone  
  13  0:12  Overlord  
  13  0:17  Drone  
  14  0:30  Drone x2  
  14  0:34  Drone  
  17  0:54  Hatchery  
  16  0:58  Drone  
  16  1:00  Drone  
  16  1:04  Extractor  
  17  1:16  Spawning Pool  
  16  1:23  Evolution Chamber  
  15  1:27  Drone  
  15  1:28  Drone  
  17  1:33  Drone  
  18  1:42  Overlord  
  18  2:03  Queen  
  18  2:04  Metabolic Boost  
  20  2:11  Queen  
  22  2:17  Zergling x2  
  22  2:19  Zergling x2  
  24  2:27  Zergling x4  
  24  2:29  Zergling x2  
  27  2:32  Zergling x2  
  27  2:36  Zergling x2  
  29  2:41  Overlord  
  29  2:52  Zergling x2  
  29  2:53  Zergling x4  
  32  3:00  Zergling x4  
  34  3:10  Zergling x4  
  34  3:11  Zergling x2  
  37  3:20  Zergling x2  
  37  3:22  Drone  
  37  3:23  Drone x3  
Tags
 
Add a new tag
Caveats
  • Supply blocks, unpowered buildings, or Contaminate may cause inaccurate times.
  • Supply counts are checked every 10 seconds.